 Dungeon Crawl Stone Soup version 0.32-a0-558-g233958a4c4 (webtiles) character file.

Game seed: 10846997599030163028

252 mopl the Sneak (level 6, -6/28 HPs)
             Began as a Vine Stalker Enchanter on Feb 29, 2024.
             Killed by psychic fangs
             ... invoked by a brain worm
              (13 damage)
             ... in a sewer.
             The game lasted 00:03:11 (1869 turns).

mopl the Sneak (Vine Stalker Enchanter)             Turns: 1869, Time: 00:03:12

Health: -6/28      AC: 15    Str: 11    XL:     6   Next: 13%
Magic:  0/12       EV: 12    Int: 17    God:
Gold:   131        SH:  0    Dex: 14    Spells: 1/12 levels left

rFire   . . .        a - +1 dagger (protect)
rCold   . . .        (no shield)
rNeg    . . .        b - +0 robe
rPois   .            (no helmet)
rElec   .            k - +0 cloak
rCorr   .            h - +0 pair of gloves
SInv    .            (no boots)
Will    .....        f - amulet of the acrobat
Stlth   +++          t - +4 ring of protection
HPRegen 1.04/turn    (no ring)
MPRegen 0.13/turn

%: acrobat, guardian spirit
@: under a protective aura
A: fangs 2, regeneration 1, magic shield, antimagic bite, no potion heal 2
a: no special abilities


You were in a sewer.
You visited 1 branch of the dungeon, and saw 3 of its levels.
You also visited: Sewer.

You collected 131 gold pieces.

Inventory:

Hand Weapons
 a - a +1 dagger of protection (weapon)
 e - a +1 dagger
Missiles
 d - 9 poisoned darts
Armour
 b - a +0 robe (worn)
 h - a +0 pair of gloves (worn)
 k - a +0 cloak (worn)
Jewellery
 f - an amulet of the acrobat (around neck)
 l - a ring of fire
 t - a +4 ring of protection (left hand)
Scrolls
 g - a scroll of silence {unknown}
 i - a scroll of amnesia {unknown}
 j - 5 scrolls of fog {unknown}
 p - a scroll of identify {unknown}
 q - a scroll of noise {unknown}
 s - a scroll of teleportation {unknown}
 u - a scroll of revelation {unknown}
 w - 3 scrolls of enchant weapon {unknown}
Potions
 c - 3 potions of invisibility
 m - a potion of enlightenment {unknown}
 n - 2 potions of haste {unknown}
 o - a potion of berserk rage {unknown}
 r - 2 potions of curing {unknown}
 v - a potion of resistance {unknown}


   Skills:
 + Level 2.1 Short Blades
 - Level 1.5 Dodging
 * Level 5.4 Stealth
 * Level 3.8 Spellcasting
 * Level 4.3 Hexes


You had one spell level left.
You knew the following spells:

 Your Spells              Type           Power      Damage    Failure   Level
a - Dazzling Flash        Conj/Hex       20%        N/A       21%         3
b - Ensorcelled Hibernat  Hex/Ice        20%        N/A       10%         2
c - Confusing Touch       Hex            17%        N/A       9%          3
d - Tukima's Dance        Hex            17%        N/A       9%          3

Your spell library contained the following spells:

 Spells                   Type           Power      Damage    Failure   Level


Dungeon Overview and Level Annotations

Branches:
Dungeon (3/15)              Sewer (1/1)

Altars:


Innate Abilities, Weirdness & Mutations

You have extremely sharp teeth.
Your natural rate of healing is unusually fast.
When hurt, damage is shared between your health and your magic reserves.
Your bite disrupts and absorbs the magic of your enemies.
Potions cannot restore your health.


Message History

The ball python constricts you.
Unknown command.
You escape the ball python's grasp.
The brain worm attacks as it pursues you!
The brain worm bites you.
Unknown command.
You hit the brain worm but do no damage.
Your weapon exudes an aura of protection.
You bite the brain worm. You drain its power.
You feel invigorated.
The brain worm is lightly wounded.
The brain worm bites you.
You hit the brain worm but do no damage.
You bite the brain worm. You drain its power.
You feel invigorated.
The brain worm is lightly wounded.
The ball python bites you but does no damage.
The ball python misses you.
The brain worm's bulging head throbs.
Something gnaws on your mind!
You feel your power leaking away.
You hit the ball python.
The ball python is severely wounded.
The ball python bites you but does no damage.
The ball python barely misses you. The brain worm barely misses you.
Unknown command.
You hit the ball python.
You kill the ball python!
The brain worm bites you.
You hit the brain worm but do no damage.
You bite the brain worm. You drain its power.
You feel invigorated.
The brain worm is lightly wounded.
The brain worm's throbbing head pulsates.
Something gnaws on your mind!
* * * LOW HITPOINT WARNING * * *
You feel your power leaking away.
You hit the brain worm.
You bite the brain worm, but do no damage.
The brain worm is moderately wounded.
The brain worm's bulging head throbs.
Something gnaws heavily on your mind!
You die...

#########################
..~~~~~~.~~~..~.~..~~~~∩#
..~.~~~~~~.....~@w~....!#
######.##################
#~# #~# #~# #~# #~# #~#
#~#


You could see a brain worm.

Vanquished Creatures
  A brain worm (Sewer)
  Jessica (D:2)
  An orc wizard (D:3)
  5 adders
  A river rat (Sewer)
  2 ribbon worms (D:2)
  4 orcs (D:3)
  7 ball pythons
  2 bats
  8 endoplasms
  4 giant cockroaches
  10 goblins
  4 hobgoblins
  2 jackals (D:1)
  2 quokkas (D:1)
  9 frilled lizards
  3 kobolds
  7 rats
73 creatures vanquished.

Notes
Turn   | Place    | Note
-------+----------+-------------------------------------------
     0 | D:1      | mopl the Vine Stalker Enchanter began the quest for the
                  | Orb.
     0 | D:1      | Reached XP level 1. HP: 9/9 MP: 4/4
    74 | D:1      | Reached skill level 1 in Short Blades
    83 | D:1      | Reached XP level 2. HP: 13/13 MP: 6/6
   143 | D:1      | Reached skill level 4 in Stealth
   209 | D:1      | Found a faded altar of an unknown god.
   210 | D:1      | Noticed an eye of devastation
   212 | D:1      | Noticed an eye of devastation
   213 | D:1      | Noticed an eye of devastation
   213 | D:1      | Noticed a glass eye
   346 | D:1      | Learned a level 2 spell: Ensorcelled Hibernation
   431 | D:1      | Reached XP level 3. HP: 16/16 MP: 7/7
   666 | D:1      | Learned a level 3 spell: Confusing Touch
   714 | D:2      | Noticed Jessica
   726 | D:2      | Killed Jessica
   727 | D:2      | Reached skill level 3 in Spellcasting
   727 | D:2      | Reached XP level 4. HP: 21/21 MP: 6/9
  1593 | D:3      | Reached XP level 5. HP: 24/24 MP: 8/11
  1618 | D:3      | Learned a level 3 spell: Tukima's Dance
  1623 | D:3      | Found a glowing drain.
  1637 | Sewer    | Entered a sewer
  1670 | Sewer    | Reached skill level 5 in Stealth
  1670 | Sewer    | Reached skill level 4 in Hexes
  1725 | Sewer    | Reached skill level 2 in Short Blades
  1725 | Sewer    | Reached XP level 6. HP: 26/28 MP: 4/12
  1731 | Sewer    | Learned a level 3 spell: Dazzling Flash
  1869 | Sewer    | Killed from afar by a brain worm

Illustrated notes

Levels and vault maps discovered:
D:1:      sevenhm_arrival_forest_fort_large_4, layout_rooms,
          hellmonk_ecumenical_altar_watching_god, minmay_tromino_i2
D:2:      layout_basic, uniq_jessica
D:3:      corexii_shack_village, layout_loops_corners,
          mainiacjoe_sewer_entry_somewhere_in_here_1
Sewer:    sewer_co_cracked_pipes

Skill      XL: |  1  2  3  4  5 |
---------------+----------------+-----
Short Blades   | 1 2 |  2.1
Stealth        | 4 5 |  5.4
Spellcasting   | 3 |  3.8
Hexes          | 4 |  4.3
Dodging        | |  1.5

Action                     |  1- 3 |  4- 6 || total
---------------------------+-------+-------++-------
  Melee: Dagger            |    96 |   140 ||   236
         Bite              |    21 |    33 ||    54
   Cast: Ensorcelled Hiber |     1 |    14 ||    15
   Stab: Sleeping          |     9 |    14 ||    23
 Armour: Robe              |    41 |    95 ||   136
  Dodge: Dodged            |    45 |    73 ||   118

Table legend: (Time is in decaauts)
 A = Elapsed time spent in this place.
 B = Non-inter-level travel time spent in this place.
 C = Inter-level travel time spent in this place.
 D = Time resting spent in this place.
 E = Time spent auto-exploring this place.
 F = Levels seen in this place.
 G = Mean time per level.
                   A        B        C        D        E       F      G
               +--------+--------+--------+--------+--------+-----+--------+
         Total |   1875 |   1785 |     90 |      2 |   1150 |   4 |  468.8 |
       Dungeon |   1624 |   1534 |     90 |      0 |   1039 |   3 |  541.3 |
         Sewer |    250 |    250 |      0 |      2 |    111 |   1 |  250.0 |
               +--------+--------+--------+--------+--------+-----+--------+

Top non-repeatable levels by time:
     D:2: 840 daAuts
     D:1: 666 daAuts
   Sewer: 250 daAuts
     D:3: 118 daAuts
